Map: Overgrown Facility

Players

OpuS - Winner!

  • Race: Protoss Protoss
  • League: Platinum
  • Spawn Location: 7:00

Sketchaphone - Winner!

  • Race: Zerg Zerg
  • League: Platinum
  • Spawn Location: 9:00

ChessieCat

  • Race: Terran Terran
  • League: Platinum
  • Spawn Location: 3:00

Moldy

  • Race: Terran Terran
  • League: Diamond
  • Spawn Location: 1:00

VOD

Have the link to the VOD?

Description

Time

  • Played on: Feb. 16, 2019, 8:29 p.m.
  • Length: 14:05
Show
View Real Time Build Order
Export as new Build Order

OpuS Protoss - Winner!

Build Orders: Colossus Rush 

Get SALT Encoding   

  12  0:01  Probe  
  13  0:13  Probe  
  14  0:24  Pylon  
  14  0:27  Probe  
  15  0:43  Probe  
  15  0:48  Gateway  
  16  0:51  Probe  
  16  0:52  Assimilator  
  17  0:57  Assimilator  
  17  1:01  Probe  
  18  1:13  Probe  
  19  1:21  Gateway  
  19  1:26  Probe  
  20  1:37  Cybernetics Core  
  20  1:38  Probe  
  21  1:44  Pylon  
  21  1:55  Probe  
  22  2:12  Warp Gate  
  22  2:22  Stalker x2  
  26  2:36  Probe  
  26  2:39  Nexus  
  27  2:44  Probe  
  28  2:56  Stalker  
  29  2:59  Stalker  
  31  3:13  Pylon  
  31  3:20  Pylon  
  31  3:31  Probe, Robotics Facility  
  32  3:43  Probe, Gateway  
  33  3:51  Probe  
  33  3:55  Probe  
  35  4:02  Adept x2  
  40  4:10  Probe x2  
  40  4:14  Pylon  
  41  4:22  Probe x2  
  43  4:27  Sentry x2  
  47  4:37  Probe x2  
  47  4:38  Robotics Bay  
  49  4:55  Probe x2  
  49  4:58  Adept x3  
  57  5:12  Probe x2  
  59  5:16  Gateway  
  59  5:17  Colossus  
  59  5:18  Twilight Council  
  57  5:30  Probe x2  
  57  5:33  Pylon  
  59  5:40  Adept x2  
  59  5:41  Adept  
  65  5:45  Probe  
  65  5:46  Probe  
  67  5:50  Pylon  
  67  5:54  Assimilator  
  67  5:56  Assimilator  
  67  6:01  Extended Thermal Lance  
  67  6:06  Probe x2  
  67  6:10  Adept x2  
  73  6:18  Probe  
  74  6:27  Pylon  
  74  6:28  Probe  
  74  6:30  Probe  
  76  6:40  Probe  
  76  6:44  Nexus  
  76  6:46  Stalker, Pylon  
  76  6:47  Stalker  
  51  7:30  Colossus  
  51  7:32  Zealot x4  
  65  7:39  Gateway  
  65  7:41  Gateway  
  65  7:43  Gateway  
  65  7:44  Forge  
  65  7:47  Gateway  
  65  7:53  Templar Archives  
  65  7:55  Charge  
  65  7:57  Probe x2  
  67  7:59  Probe  
  67  8:02  Stalker x4  
  76  8:11  Protoss Ground Weapons Level 1  
  76  8:16  Colossus, Probe x3  
  85  8:28  Probe  
  86  8:34  Adept x2  
  86  8:35  Adept  
  86  8:37  Adept  
  94  8:42  Pylon  
  94  8:46  Pylon  
  94  8:47  Probe x2  
  96  8:49  Probe  
  97  8:56  Psionic Storm  
  97  9:02  Zealot x2  
  101  9:03  Zealot  
  101  9:07  Zealot  
  101  9:09  Probe x2  
  107  9:12  Probe  
  108  9:19  Colossus  
  115  9:24  Probe x3  
  115  9:29  Sentry x3  
  115  9:30  Sentry  
  125  9:36  Probe x2  
  127  9:43  Probe  
  128  9:46  Pylon  
  128  9:47  Assimilator  
  128  9:48  Pylon, Probe  
  128  9:50  Assimilator  
  128  9:51  Pylon  
  129  10:03  Forge  
  129  10:04  High Templar  
  129  10:05  High Templar x2  
  129  10:07  Probe x2  
  121  10:39  Zealot x3  
  121  10:40  Zealot x5  
  137  10:45  Gateway  
  137  10:46  Gateway  
  137  10:48  Gateway  
  137  10:50  Gateway  
  137  11:02  Colossus  
  143  11:04  Nexus  
  143  11:15  High Templar  
  143  11:16  High Templar x4  
  143  11:17  Zealot x2  
  157  11:24  Pylon  
  157  11:25  Pylon  
  157  11:26  Pylon  
  157  11:30  Pylon  
  157  11:31  Pylon  
  157  11:51  Zealot x6  
  157  11:52  Zealot x5  
  179  11:54  High Templar  
  179  11:56  Colossus  
  179  12:30  Probe x4  
  179  12:32  Zealot x2  
  179  12:33  Zealot x2  
  179  12:34  Zealot x2  
  179  12:35  Zealot x2  
  199  12:42  Probe  
  184  13:07  Stalker  
  184  13:08  Stalker x4  
  184  13:09  Stalker x4  
  184  13:10  Stalker  
  184  13:11  Stalker x2  
  192  13:19  Forge  
  178  13:35  Assimilator  
  178  13:38  Assimilator  
Show
View Real Time Build Order
Export as new Build Order

Sketchaphone Zerg - Winner!

Build Orders: Hatch First, Muta Ling Bane 

Get SALT Encoding   

  12  0:01  Drone  
  13  0:14  Overlord  
  13  0:22  Drone  
  13  0:24  Extractor  
  13  0:25  Drone  
  15  0:36  Drone x2  
  17  0:57  Hatchery  
  17  1:01  Drone  
  17  1:04  Extractor  
  16  1:05  Drone  
  17  1:20  Spawning Pool  
  16  1:28  Drone  
  16  1:29  Drone  
  16  1:31  Drone  
  19  1:42  Drone  
  20  1:50  Overlord  
  20  2:08  Metabolic Boost  
  20  2:09  Queen  
  20  2:10  Queen  
  20  2:14  Zergling x2  
  25  2:18  Drone  
  25  2:21  Zergling x2  
  27  2:27  Drone x2  
  29  2:36  Drone  
  30  2:37  Drone  
  31  2:44  Drone  
  31  2:45  Pneumatized Carapace  
  32  2:52  Zergling x2  
  32  2:53  Drone  
  34  3:00  Evolution Chamber  
  34  3:01  Drone  
  34  3:11  Drone x2  
  36  3:24  Overlord  
  36  3:35  Overlord  
  36  3:42  Hatchery  
  36  3:44  Zergling x12  
  41  3:51  Drone  
  41  3:54  Overlord  
  42  3:57  Overlord  
  42  3:59  Overlord  
  42  4:06  Zergling x2  
  42  4:07  Zergling x2  
  44  4:22  Drone  
  45  4:28  Spore Crawler  
  45  4:30  Drone  
  45  4:31  Zerg Ground Armor Level 1  
  45  4:33  Zergling x4, Spore Crawler  
  50  4:38  Zergling x8  
  48  4:59  Drone x6  
  51  5:08  Lair  
  51  5:10  Drone x2  
  51  5:11  Queen  
  47  5:38  Extractor  
  47  5:41  Baneling Nest, Evolution Chamber, Drone x13  
  57  5:44  Drone x2  
  59  5:58  Drone  
  60  6:12  Overlord  
  60  6:14  Overlord  
  60  6:19  Zergling x4  
  60  6:20  Zergling x8  
  66  6:28  Centrifical Hooks  
  66  6:30  Zerg Melee Weapons Level 1  
  66  6:31  Overlord  
  66  6:36  Drone x3, Extractor  
  66  6:37  Extractor  
  64  7:07  Drone x9  
  72  7:12  Zergling x12  
  77  7:24  Extractor x2  
  77  7:26  Overlord  
  77  7:29  Zergling x12  
  81  7:41  Zerg Ground Armor Level 2  
  81  7:42  Zergling x14  
  88  7:44  Roach Warren  
  88  7:47  Spire  
  88  7:48  Hatchery  
  80  8:16  Baneling x3  
  80  8:17  Baneling x2  
  80  8:21  Zergling x24  
  92  8:37  Overlord x2  
  92  8:38  Overlord  
  92  8:45  Glial Reconstitution  
  92  8:48  Zerg Melee Weapons Level 2  
  92  8:54  Nydus Network  
  91  9:00  Queen  
  93  9:04  Overlord  
  93  9:05  Mutalisk  
  93  9:06  Zerg Flyer Weapons Level 1, Mutalisk x8  
  93  9:08  Overlord x2  
  107  9:24  Roach  
  107  9:25  Roach x9  
  126  9:41  Mutalisk x3  
  125  9:46  Zergling x4  
  125  9:47  Zergling x10  
  130  10:18  Overlord  
  130  10:19  Overlord x3  
  130  10:25  Baneling  
  130  10:26  Baneling x8  
  130  10:40  Zergling x26  
  143  10:46  Burrow  
  105  11:16  Zergling x26  
  105  11:17  Zergling x4  
  107  11:29  Zergling x8  
  107  11:31  Baneling  
  107  11:32  Baneling x12  
  79  12:09  Zergling x22  
  79  12:12  Zergling x2  
  84  12:18  Tunneling Claws  
  84  12:21  Infestation Pit  
  84  12:22  Roach x3  
  89  12:26  Baneling x2  
  63  12:42  Roach x5  
  71  12:45  Drone x5  
  75  12:55  Roach x3  
  75  12:56  Roach  
  83  13:09  Roach x6  
  83  13:12  Hatchery  
  94  13:18  Nydus Canal  
  94  13:21  Hatchery  
  94  13:24  Zergling x6  
  96  13:32  Nydus Canal  
  96  13:33  Zergling x10  
  97  13:46  Zergling x6  
Show
View Real Time Build Order
Export as new Build Order

ChessieCat Terran 

Build Orders:  

Get SALT Encoding   

  12  0:00  SCV  
  13  0:13  SCV  
  14  0:24  Supply Depot  
  14  0:25  SCV  
  15  0:46  SCV  
  15  0:48  Barracks  
  16  0:58  SCV  
  17  1:06  Refinery  
  17  1:10  SCV  
  18  1:23  SCV  
  19  1:38  Orbital Command  
  19  1:39  Supply Depot  
  19  1:41  Refinery  
  19  1:42  Marine  
  20  2:05  SCV  
  20  2:08  Marine  
  21  2:11  Factory  
  22  2:22  Command Center  
  22  2:27  Marine  
  23  2:45  Barracks Tech Lab  
  23  2:46  Barracks  
  23  2:50  SCV  
  24  2:54  Factory Tech Lab  
  24  3:03  SCV  
  24  3:05  Stimpack  
  25  3:10  Starport  
  24  3:22  Siege Tank  
  27  3:29  SCV  
  27  3:34  Marauder  
  30  3:35  Barracks Reactor  
  30  3:44  Engineering Bay  
  30  3:51  Starport Reactor  
  30  3:57  Orbital Command  
  30  4:00  SCV  
  31  4:02  Marine  
  32  4:14  Marine x2  
  34  4:24  Missile Turret  
  34  4:27  Siege Tank  
  34  4:29  Marauder  
  39  4:32  SCV  
  40  4:40  Marine x2  
  40  4:44  SCV  
  16  5:11  Orbital Command  
  15  5:25  SCV  
  13  5:37  SCV  
  13  5:41  Starport Reactor  
  15  5:50  SCV  
  15  6:02  SCV  
  16  6:14  SCV  
  17  6:19  Medivac  
  17  6:24  SCV  
  20  6:26  SCV  
  21  6:38  SCV, Supply Depot  
  22  6:44  SCV  
  23  6:50  SCV  
  24  6:56  SCV  
  25  7:02  SCV  
  24  7:34  SCV  
  24  7:35  SCV  
  26  7:46  SCV  
  26  7:48  SCV  
  21  7:55  Marine x2  
  21  7:56  Marine  
  16  8:00  SCV  
  16  8:02  Hellion  
  19  8:09  SCV  
  19  8:12  Supply Depot, SCV  
  21  8:13  Marine  
  22  8:21  SCV  
  22  8:24  SCV  
  26  8:33  SCV  
  27  8:34  Supply Depot  
  27  8:36  SCV  
  27  8:37  Marine x3  
  31  8:45  SCV  
  31  8:48  SCV  
  31  8:50  Refinery  
  31  8:51  Refinery  
  31  8:57  Engineering Bay  
  31  9:00  SCV  
  32  9:05  SCV  
  33  9:12  SCV  
  33  9:14  Siege Tank  
  33  9:17  SCV  
  38  9:24  SCV  
  38  9:29  SCV  
  40  9:41  SCV  
  41  9:52  Marine x3  
  44  9:53  Siege Tank, SCV  
  44  9:54  Medivac  
  50  10:05  SCV  
  51  10:09  Engineering Bay  
  51  10:10  Marine x3  
  54  10:17  SCV  
  30  11:34  Orbital Command  
  7  12:25  Orbital Command  
  7  12:32  Factory Tech Lab  
  7  12:34  Orbital Command  
  4  12:51  Siege Tank  
  4  12:56  SCV  
  8  13:00  SCV  
  9  13:08  SCV  
  9  13:10  Barracks Tech Lab  
  11  13:12  SCV  
  11  13:16  Refinery  
  11  13:20  SCV  
  11  13:23  Siege Tank  
  16  13:32  SCV  
  16  13:45  SCV  
Show
View Real Time Build Order
Export as new Build Order

Moldy Terran 

Build Orders:  

Get SALT Encoding   

  12  0:01  SCV  
  13  0:13  SCV  
  14  0:18  Supply Depot  
  14  0:25  SCV  
  15  0:40  SCV  
  15  0:41  Barracks  
  16  0:47  Refinery  
  16  0:52  SCV  
  17  1:04  SCV  
  18  1:17  SCV  
  19  1:30  Orbital Command  
  19  1:41  Command Center  
  20  1:49  Barracks Reactor  
  19  1:55  SCV  
  19  1:57  Supply Depot  
  20  2:03  Refinery  
  20  2:08  SCV  
  21  2:22  SCV  
  22  2:23  Factory  
  22  2:24  Marine  
  22  2:25  Marine  
  24  2:32  Bunker  
  24  2:38  SCV  
  25  2:45  Marine  
  25  2:50  SCV  
  27  3:00  Marine  
  27  3:02  SCV  
  27  3:03  Orbital Command, Marine  
  30  3:10  Starport  
  30  3:14  SCV  
  31  3:20  Factory Tech Lab  
  31  3:23  Marine x2  
  31  3:26  SCV  
  34  3:31  SCV  
  35  3:38  Barracks  
  35  3:40  Marine  
  35  3:41  Marine  
  37  3:43  SCV  
  37  3:44  SCV  
  40  3:55  SCV  
  40  3:58  Medivac, Marine x2  
  44  4:03  Supply Depot  
  44  4:05  SCV  
  45  4:10  SCV  
  45  4:16  Supply Depot  
  46  4:24  Marine x2  
  46  4:25  Siege Tank  
  46  4:26  Barracks Tech Lab  
  51  4:35  SCV x2  
  53  4:40  Command Center  
  53  4:46  Barracks  
  53  4:49  Marine  
  53  4:50  Concussive Shells, Marauder  
  56  5:02  Marine  
  56  5:05  Medivac  
  59  5:07  Marine  
  59  5:10  Marine  
  60  5:28  Marine  
  60  5:29  Marine  
  60  5:32  Supply Depot  
  62  5:35  Engineering Bay  
  62  5:47  Stimpack  
  62  5:48  Barracks, Barracks Tech Lab  
  62  5:52  Orbital Command, Siege Tank, SCV x2  
  62  5:54  Marine x2  
  62  5:56  Starport Reactor  
  69  5:59  Marauder  
  71  6:04  SCV  
  72  6:13  SCV  
  72  6:14  Combat Shield  
  72  6:15  Supply Depot  
  72  6:16  SCV  
  74  6:19  Marine x2  
  74  6:20  Refinery  
  74  6:25  Barracks, SCV x2  
  77  6:28  Marauder, Marine, SCV  
  77  6:29  Supply Depot  
  82  6:37  Refinery, SCV  
  82  6:38  Barracks Tech Lab, SCV  
  84  6:40  SCV  
  84  6:42  Marine x2  
  84  6:47  Marauder  
  89  6:48  Terran Infantry Weapons Level 1  
  89  6:49  Armory  
  89  6:50  SCV x2  
  67  7:14  Marine x2  
  67  7:15  Marauder x3  
  69  7:28  Medivac  
  69  7:29  Medivac, SCV  
  75  7:30  SCV x2  
  75  7:32  Marine x2  
  75  7:36  Marauder, Barracks Tech Lab  
  80  7:47  Marine  
  80  7:48  Marauder  
  80  7:50  Barracks, SCV x2  
  85  7:54  Engineering Bay  
  85  7:56  Bunker, SCV  
  86  8:03  Starport  
  86  8:07  Marine x2  
  86  8:08  Marauder x2  
  92  8:15  Factory Reactor  
  92  8:28  Marine  
  92  8:29  Marauder  
  92  8:30  Viking  
  92  8:34  Marine x2  
  98  8:35  SCV x2  
  98  8:39  Barracks  
  101  8:43  Refinery  
  101  8:46  Refinery  
  101  8:47  Terran Ship Weapons Level 1  
  101  8:56  Barracks  
  101  8:59  Barracks Reactor  
  101  9:07  Marine x3, Supply Depot  
  101  9:08  Widow Mine x2, SCV  
  101  9:09  Supply Depot x2  
  109  9:29  Marauder, Marine x4, SCV  
  116  9:33  Marine  
  116  9:34  Marine  
  96  9:47  Marauder x2, Marine x3  
  96  9:48  Marine x2  
  96  9:50  Widow Mine x2  
  96  9:51  SCV  
  96  9:52  Missile Turret  
  97  9:58  Viking x3  
  97  9:59  Marine  
  101  10:06  Marine x2  
  96  10:13  SCV  
  97  10:14  Terran Infantry Weapons Level 2  
  97  10:16  Terran Infantry Armor Level 1  
  97  10:20  Marine x3  
  100  10:32  Marine x2  
  100  10:33  Barracks Reactor  
  102  10:36  Viking x3  
  102  10:37  Supply Depot  
  102  10:38  Marine  
  102  10:42  Marine x2  
  104  10:43  Marine  
  97  10:58  Marine x3  
  97  10:59  Marauder x3  
  97  11:01  Marauder  
  107  11:07  Marine x2  
  103  11:16  Marine x2  
  98  11:19  Marine x2  
  98  11:20  Marauder  
  98  11:21  Marauder x2, Viking x2  
  107  11:32  Marine  
  107  11:33  Marine x2  
  107  11:34  Marauder  
  107  11:38  Marine  
  107  11:39  Marine x3  
  116  11:40  Widow Mine x2  
  116  11:42  Marauder x2  
  123  11:48  Medivac  
  123  11:51  Medivac  
  89  12:09  Marine x2  
  89  12:10  Marine x3  
  89  12:11  Marauder x3  
  82  12:16  Marine x2  
  80  12:28  Marine  
  80  12:29  Marine x2  
  81  12:32  Widow Mine x2  
  81  12:33  Marine  
  85  12:42  Marine x2  
  71  13:11  Marine  
  71  13:12  Marine x4  
  71  13:27  Marine x2  
  71  13:28  Marine x4  
  71  13:29  SCV  
  71  13:33  Marine  
  71  13:34  Marine  
  80  13:35  Widow Mine  
  72  13:46  Marine  
  72  13:47  Marine  
Tags
 
Add a new tag
Caveats
  • Supply blocks, unpowered buildings, or Contaminate may cause inaccurate times.
  • Supply counts are checked every 10 seconds.